 Dungeon Crawl Stone Soup version 0.29.1-15-g9cfb28693d (webtiles) character file.

Game seed: 6117494470008850759

14 booth the Caller (level 2, -1/19 HPs)
             Began as a Demonspawn Summoner on May 2, 2023.
             Slain by a quokka (4 damage)
             ... on level 1 of the Dungeon.
             The game lasted 00:02:36 (567 turns).

booth the Caller (Demonspawn Summoner)               Turns: 567, Time: 00:02:37

Health: -1/19      AC:  2    Str:  8    XL:     2   Next: 27%
Magic:  4/5        EV: 12    Int: 16    God:
Gold:   25         SH:  0    Dex: 13    Spells: 4/5 levels left

rFire   . . .      SeeInvis .   (no weapon)
rCold   . . .      Faith    .   (no shield)
rNeg    . . .      Spirit   .   a - +0 robe
rPois   .          Reflect  .   (no helmet)
rElec   .          Harm     .   (no cloak)
rCorr   .          Rampage  .   (no gloves)
Will    .....                   (no boots)
Stlth   ++........              (no amulet)
HPRegen 0.06/turn               (no ring)
MPRegen 0.18/turn               (no ring)

@: no status effects
A: magic regeneration
a: no special abilities


You were on level 1 of the Dungeon.
You visited 1 branch of the dungeon, and saw 1 of its levels.

You collected 25 gold pieces.

Inventory:

Armour
 a - a +0 robe (worn)
Scrolls
 e - a scroll of teleportation {unknown}
Potions
 b - a potion of magic
 c - a potion of curing {unknown}
 d - a potion of mutation {unknown}


   Skills:
 + Level 2.0 Dodging
 + Level 2.1 Stealth
 + Level 2.2 Spellcasting
 + Level 4.1 Summonings


You had 4 spell levels left.
You knew the following spells:

 Your Spells              Type           Power      Damage    Failure   Level
a - Summon Small Mammal   Summ           60%        N/A       3%          1

Your spell library contained the following spells:

 Spells                   Type           Power      Damage    Failure   Level
 Call Imp                 Summ           15%        N/A       5%          2
 Call Canine Familiar     Summ           15%        N/A       11%         3
 Summon Guardian Golem    Hex/Summ       8%         N/A       26%         3
 Summon Lightning Spire   Summ/Air       8%         N/A       65%         4


Dungeon Overview and Level Annotations

Branches:
Dungeon (1/15)

Altars:


Innate Abilities, Weirdness & Mutations

You regenerate magic rapidly.


Message History

Found a stone staircase leading down.
Your bat hits the endoplasm but does no damage. x2
Casting: Summon Small Mammal (safe; 3% risk of failure)
Confirm with . or Enter, or press ? or * to list all spells.
Your bat hits the endoplasm but does no damage.
You hit the endoplasm.
The endoplasm is lightly wounded.
The endoplasm freezes you.
You are frozen.
You hit the endoplasm.
The endoplasm is moderately wounded.
Your bat hits the endoplasm.
Your quokka bites the endoplasm.
The endoplasm hits you.
You hit the endoplasm.
You kill the endoplasm!
e - a scroll labelled ODUCUCK FUIXAP You swap places.
A quokka comes into view.
Your bat hits the quokka.
Your bat barely misses the quokka.
You hit the quokka but do no damage.
The quokka is lightly wounded.
Your bat hits the quokka but does no damage.
The quokka bites you.
You miss the quokka. Your bat misses the quokka.
Your quokka bites the quokka.
The quokka bites you.
* * * LOW HITPOINT WARNING * * *
Your quokka barely misses the quokka.
The quokka attacks as you move away!
The quokka bites you but does no damage.
The quokka misses your bat.
Your quokka bites the quokka but does no damage.
Your bat barely misses the quokka.
Your bat hits the quokka but does no damage.
Your quokka closely misses the quokka.
Your bat barely misses the quokka.
Your quokka barely misses the quokka.
Casting: Summon Small Mammal (safe; 3% risk of failure)
Confirm with . or Enter, or press ? or * to list all spells.
Your bat disappears in a puff of smoke!
The quokka bites you.
You die...

#........#
#..>.....#
#........#
#........#
#........#
#......§.###
#.....r....#
#.....r..#.####
####.....@......:.
#.######.#.#.#.#.#
#..# ##(...b......
#..# #.#.#.#.#.#.#
#..# #...........
#..# ###.#.#.#.#.#
#..# #..†........
#..## ##†#.#.#.#.#
#...# #†..........


You could see a quokka (ally target), a friendly quokka (summoned) and a
friendly bat (summoned).

Vanquished Creatures
  2 endoplasms (D:1)
  2 giant cockroaches (D:1)
  A frilled lizard (D:1)
5 creatures vanquished.

Vanquished Creatures (collateral kills)
  A dart slug (D:1)
  A ball python (D:1)
  A giant cockroach (D:1)
  2 bats (D:1)
  A rat (D:1)
6 creatures vanquished.

Grand Total: 11 creatures vanquished

Notes
Turn   | Place    | Note
-------+----------+-------------------------------------------
     0 | D:1      | booth the Demonspawn Summoner began the quest for the Orb.
     0 | D:1      | Reached XP level 1. HP: 13/13 MP: 3/3
   478 | D:1      | Gained mutation: You regenerate magic rapidly. [demonic
                  | ancestry]
   478 | D:1      | Reached XP level 2. HP: 19/19 MP: 1/5
   567 | D:1      | Slain by a quokka

Illustrated notes

Levels and vault maps discovered:
D:1:      sevenhm_arrival_forest_fort_large_4, layout_rooms, st_stairs_10,
          minmay_misc_feat_doors

Skill      XL: |  1 |
---------------+----+-----
Stealth        | 2 |  2.1
Dodging        | 2 |  2.0
Spellcasting   | |  2.2
Summonings     | |  4.1

Action                   || total
-------------------------++-------
Melee: Unarmed           ||    40
 Cast: Summon Small Mamm ||    14
 Stab: Distracted        ||     1
Armor: Robe              ||    10
Dodge: Dodged            ||    26
